 Dungeon Crawl Stone Soup version 0.28-a0-1404-g4df0f3684d (webtiles) character file.

Game seed: 2769185123246447503

1241 HallandMoats the Skirmisher (level 8, -1/70 HPs)
             Began as a Minotaur Fighter on Jan 5, 2022.
             Slain by Edmund (6 damage)
             ... on level 5 of the Dungeon.
             The game lasted 00:07:06 (7862 turns).

HallandMoats the Skirmisher (Minotaur Fighter)      Turns: 7862, Time: 00:07:06

Health: -1/70      AC:  7    Str: 24    XL:     8   Next: 25%
Magic:  9/9        EV: 11    Int: 11    God:
Gold:   279        SH:  5    Dex: 12    Spells: 7/7 levels left

rFire   . . .      SeeInvis .   b - +10 flail of Crusades {vorpal, *Rage rPois Str+3 Int+6}
rCold   . . .      Faith    .   c - +0 buckler
rNeg    . . .      Spirit   .   m - +0 scale mail
rPois   +          Reflect  .   (helmet restricted)
rElec   .          Harm     .   (no cloak)
rCorr   .          Rampage  .   (no gloves)
Will    .....      Rage     20% (no boots)
Stlth   ..........              (no amulet)
HPRegen 0.21/turn               (no ring)
MPRegen 0.11/turn               (no ring)

@: no status effects
A: horns 2, retaliatory headbutt
a: no special abilities


You were on level 5 of the Dungeon.
You visited 1 branch of the dungeon, and saw 5 of its levels.
You also visited: Sewer and Ossuary.

You collected 279 gold pieces.

Inventory:

Hand Weapons
 a - a +3 broad axe of electrocution
 b - the +10 flail of Crusades (weapon) {vorpal, *Rage rPois Str+3 Int+6}
   (You found it on level 2 of the Dungeon)

   It inflicts extra damage upon your enemies.
   Str:       It affects your strength (+3).
   Int:       It affects your intelligence (+6).
   rPois:     It protects you from poison.
   *Rage:     It berserks you when you make melee attacks (+20% chance).
Armour
 c - a +0 buckler (worn)
 m - a +0 scale mail (worn)
Jewellery
 f - an amulet of magic regeneration
 k - a ring of ice
 l - an amulet of reflection
Wands
 n - a wand of digging (6)
 p - a wand of flame (23)
 z - a wand of iceblast (5)
Scrolls
 j - 4 scrolls of teleportation
 t - a scroll of blinking
 w - a scroll of fog
Potions
 d - 2 potions of might
 e - 3 potions of lignification
 g - 6 potions of curing
 h - 2 potions of haste
 o - 2 potions of attraction {unknown}
 q - 3 potions of resistance
 r - 2 potions of flight {unknown}
 s - 2 potions of cancellation {unknown}
 v - 6 potions of mutation


   Skills:
 + Level 6.0 Fighting
 + Level 5.4 Axes
 + Level 5.9 Armour
 + Level 4.2 Dodging
 + Level 6.0 Shields
 + Level 3.8 Invocations


You had 7 spell levels left.
You didn't know any spells.
Your spell library contained the following spells:

 Spells                   Type           Power      Damage    Failure   Level
 Animate Skeleton         Necr           0%         N/A       71%         1
 Apportation              Tloc           0%         N/A       71%         1
 Foxfire                  Conj/Fire      0%         2x1d4     71%         1
 Summon Small Mammal      Summ           0%         N/A       71%         1
 Conjure Flame            Conj/Fire      0%         6-21      97%         3
 Frozen Ramparts          Ice            0%         1d2       97%         3
 Inner Flame              Hex/Fire       0%         N/A       97%         3
 Flame Wave               Conj/Fire      0%         2d4       100%        4
 Ice Form                 Ice/Tmut       0%         N/A       100%        4
 Leda's Liquefaction      Hex/Erth       0%         N/A       100%        4
 Summon Ice Beast         Ice/Summ       0%         N/A       100%        4
 Lee's Rapid Deconstruct  Erth           0%         3d5*      100%        5
 Statue Form              Tmut/Erth      0%         N/A       100%        6


Dungeon Overview and Level Annotations

Branches:
Dungeon (5/15)              Sewer (visited)         Ossuary (visited)
 Temple: D:4-7

Altars:
Kikubaaqudgha
Sif Muna

Shops:
D:3 (   D:4 (

Annotations:
D:5 Edmund


Innate Abilities, Weirdness & Mutations

You have a pair of horns on your head.
You reflexively headbutt those who attack you in melee.


Message History

You kill the ice beast!
Your Fighting skill increases to level 6!
Your Shields skill increases to level 6!
Edmund hits you with a +3 flail of protection!
You hit Edmund.
Edmund is lightly wounded.
Edmund barely misses you.
You slash Edmund! You headbutt Edmund.
Edmund is moderately wounded.
Edmund hits you with a +3 flail of protection.
* * * LOW HITPOINT WARNING * * *
You hit Edmund. Your headbutt misses Edmund.
Edmund is heavily wounded.
Edmund hits you with a +3 flail of protection.
* * * LOW HITPOINT WARNING * * *
Edmund hits you with a +3 flail of protection.
* * * LOW HITPOINT WARNING * * *
You slash Edmund!
Edmund is severely wounded.
Edmund hits you with a +3 flail of protection!
* * * LOW HITPOINT WARNING * * *
You feel much better.
Edmund hits you with a +3 flail of protection!
* * * LOW HITPOINT WARNING * * *
You feel much better.
Edmund hits you with a +3 flail of protection!
You closely miss Edmund.
Edmund is severely wounded.
Edmund hits you with a +3 flail of protection!
* * * LOW HITPOINT WARNING * * *
You block Edmund's attack.
You closely miss Edmund.
Edmund is severely wounded.
Edmund hits you with a +3 flail of protection!
* * * LOW HITPOINT WARNING * * *
Your +3 broad axe of electrocution stops crackling.
You feel stronger.
You feel clever.
b - the +10 flail of Crusades (weapon)
{vorpal, *Rage rPois Str+3 Int+6} Edmund hits you with a +3 flail of protection.
You die...

,,,,.............................
,**,......)....#[.)..##.#***##...
,,,,.<.........#.###.##.# #...
,,*,....@......#.###....# #...
,,,,...#.##'#..#...#....# #...
,*,,..,#..#.#....#.#....#### ###.
>,,,.,,....................# #.
**,**,#*#.#....#.###.#####.## #.
**,**,*##.######@###.#......####.
,,,,*,,#....#...@..#.#...........
******,#..#.#.###..#.#.......####
*,,,#..#.#......#.#.....#'####
*,**#....#..##.##.#...........
*,####...#..##................
*,,...#........##.####........
****#.#..#####.##.............
#(...#..,#.######.........


You could see Edmund.

Vanquished Creatures
  Duvessa (D:5)
  An ice beast (D:5)
  A necrophage (D:5)
  An ogre (D:5)
  A phantom (D:4)
  2 bullfrogs (Sewer)
  A scorpion (D:5)
  Dowan (D:5)
  2 centaur zombies (Ossuary)
  An orc priest (D:4)
  A hound (D:4)
  A bullfrog skeleton (D:5)
  Jessica (D:2)
  2 iguanas
  An orc wizard (D:5)
  A hound zombie (D:5)
  4 mummies (Ossuary)
  Robin (D:3)
  3 gnolls (D:3)
  4 adders
  2 adder skeletons (D:2)
  An adder zombie (D:3)
  6 dart slugs
  2 worms
  13 orcs
  6 ball pythons
  7 endoplasms
  12 giant cockroaches
  16 goblins
  8 hobgoblins
  5 jackals
  8 quokkas
  2 ball python skeletons (D:2)
  5 bats
  9 frilled lizards
  A goblin zombie (Ossuary)
  2 hobgoblin zombies (Ossuary)
  A jackal zombie (D:2)
  5 kobolds
  3 orc zombies (Ossuary)
  5 rats
  2 rat zombies (D:3)
152 creatures vanquished.

Vanquished Creatures (others)
  2 withered plants (D:2)
2 creatures vanquished.

Grand Total: 154 creatures vanquished

Notes
Turn   | Place    | Note
-------+----------+-------------------------------------------
     0 | D:1      | HallandMoats the Minotaur Fighter began the quest for the
                  | Orb.
     0 | D:1      | Reached XP level 1. HP: 19/19 MP: 0/0
   136 | D:1      | Reached XP level 2. HP: 27/27 MP: 1/1
   264 | D:1      | Found a faded altar of an unknown god.
   497 | D:1      | Reached skill level 1 in Dodging
   825 | D:1      | Reached skill level 1 in Invocations
  1094 | D:2      | Reached XP level 3. HP: 33/33 MP: 2/2
  1331 | D:2      | Noticed Jessica
  1335 | D:2      | Killed Jessica
  1336 | D:2      | Reached XP level 4. HP: 27/40 MP: 2/4
  1543 | D:2      | Identified the +10 flail of Crusades {vorpal, *Rage rPois
                  | Str+3 Int+6}
  1853 | D:3      | Noticed Robin
  1873 | D:3      | Killed Robin
  2173 | D:3      | Reached XP level 5. HP: 46/46 MP: 5/5
  2653 | D:3      | Found an ancient bone altar of Kikubaaqudgha.
  2703 | D:3      | Found Bos Sea's Weapon Emporium.
  3476 | D:4      | Found a shimmering blue altar of Sif Muna.
  3525 | D:4      | Found Tirpheja's Weapon Boutique.
  3587 | D:4      | Reached XP level 6. HP: 53/53 MP: 6/6
  3860 | D:4      | Found a glowing drain.
  3864 | Sewer    | Entered a sewer
  4396 | Sewer    | Reached skill level 5 in Fighting
  4814 | D:4      | Reached skill level 5 in Shields
  4814 | D:4      | Reached XP level 7. HP: 61/61 MP: 6/8
  5299 | D:4      | Reached skill level 5 in Armour
  5959 | D:5      | Entered Level 5 of the Dungeon
  5963 | D:5      | Identified a scroll of acquirement
  5963 | D:5      | Acquired a +2 broad axe of electrocution
  6314 | D:5      | Noticed Duvessa
  6314 | D:5      | Noticed Dowan
  6317 | D:5      | Found a sand-covered staircase.
  6324 | Ossuary  | Entered an ossuary
  6788 | D:5      | Killed Duvessa
  6789 | D:5      | Reached skill level 5 in Axes
  6797 | D:5      | Killed Dowan
  6798 | D:5      | Reached XP level 8. HP: 18/70 MP: 9/9
  6806 | D:5      | HP: 3/70 [poisoned by Dowan]
  6808 | D:5      | HP: 1/70 [poisoned by Dowan]
  7833 | D:5      | Noticed Edmund
  7847 | D:5      | HP: 2/70 [Edmund (13)]
  7862 | D:5      | Slain by Edmund

Illustrated notes

Levels and vault maps discovered:
D:1:      minmay_arrival_semitransparent, layout_basic,
          ebering_ecumenical_altar_hall, feat_on_display
D:2:      layout_rooms, serial_undead, serial_undead_f, serial_undead_b,
          serial_undead_d, serial_undead_e, chequers_decorated_corner,
          hex_medium, uniq_jessica
D:3:      layout_loops_ring, lemuel_zombie_altar_kikubaaqudgha, serial_shops,
          nicolae_shop_hallway_stairs, serial_bayou_pond_b, uniq_robin
D:4:      layout_basic, mainiacjoe_overflow_catwalk, gup_sewer_entry_bowl,
          serial_curves, eino_curves_02, eino_curves_01, serial_shops,
          nicolae_take_the_stairs
D:5:      layout_basic, chequers_ossuary_entry_cave, uniq_duvessa, uniq_sigmund,
          uniq_edmund

Skill      XL: |  1  2  3  4  5  6  7  8 |
---------------+-------------------------+-----
Dodging        | 1 2 3 4 |  4.2
Invocations    | 1 2 3 |  3.8
Axes           | 3 4 5 |  5.4
Armour         | 4 5 |  5.9
Fighting       | 4 5 6 |  6.0
Shields        | 4 5 6 |  6.0

Action                   |  1- 3 |  4- 6 |  7- 9 || total
-------------------------+-------+-------+-------++-------
Melee: War axe           |    77 |    10 |       ||    87
       Headbutt          |     4 |    13 |    13 ||    30
       Flail             |       |   139 |    12 ||   151
       Broad axe         |       |       |    70 ||    70
  Use: Scroll            |       |       |    10 ||    10
       Potion            |       |       |     2 ||     2
Armor: Scale mail        |    43 |    71 |    20 ||   134
Dodge: Dodged            |    38 |    66 |    33 ||   137
Block: Buckler           |    11 |    45 |    14 ||    70

Table legend: (Time is in decaauts)
 A = Elapsed time spent in this place.
 B = Non-inter-level travel time spent in this place.
 C = Inter-level travel time spent in this place.
 D = Time resting spent in this place.
 E = Time spent auto-exploring this place.
 F = Levels seen in this place.
 G = Mean time per level.
                   A        B        C        D        E       F      G
               +--------+--------+--------+--------+--------+-----+--------+
         Total |   8283 |   8124 |    159 |   2649 |   4071 |   7 | 1183.3 |
       Dungeon |   6714 |   6555 |    159 |   2084 |   3607 |   5 | 1342.8 |
         Sewer |   1094 |   1094 |      0 |    413 |    283 |   1 | 1094.0 |
       Ossuary |    473 |    473 |      0 |    151 |    181 |   1 |  473.0 |
               +--------+--------+--------+--------+--------+-----+--------+

Top non-repeatable levels by time:
     D:4: 1798 daAuts
     D:3: 1589 daAuts
     D:5: 1456 daAuts
     D:1: 1112 daAuts
   Sewer: 1094 daAuts
     D:2: 756 daAuts
 Ossuary: 473 daAuts
